 Dungeon Crawl Stone Soup version 0.26.0-18-gc5c842f807 (webtiles) character file.

Game seed: 3593057905666380178

1882 promet the Cleaver (level 8, -7/73 HPs)
             Began as a Minotaur Abyssal Knight on Jan 23, 2021.
             Was an Elder of Lugonu.
             Mangled by a wolf (8 damage)
             ... led by Grum
             ... on level 8 of the Dungeon.
             The game lasted 00:35:42 (6970 turns).

promet the Cleaver (Minotaur Abyssal Knight)        Turns: 6970, Time: 00:35:45

Health: -7/73      AC: 15    Str: 16    XL:     8   Next: 92%
Magic:  2/2        EV:  5    Int: 11    God:    Lugonu [****..]
Gold:   506        SH:  0    Dex: 11    Spells: 7/7 levels left

rFire    . . .     SeeInvis +   a - +8 Wrath of Trog {antimagic, *Rage}
rCold    . . .     Faith    .   (shield currently unavailable)
rNeg     . . .     Spirit   .   e - +1 plate armour
rPois    +         Reflect  .   (helmet restricted)
rElec    .         Harm     .   (no cloak)
rCorr    .         Rampage  .   (no gloves)
Will     .....     Rnd*Rage +   y - +0 pair of boots
Stlth    ..........             (no amulet)
HPRegen  0.22/turn              v - ring of poison resistance
MPRegen  0.08/turn              (no ring)

@: berserk cooldown, very slightly contaminated, slowed, invisible, very slow
A: retaliatory headbutt, horns 2, see invisible, clever 1, weak 1
a: Renounce Religion, Depart the Abyss, Bend Space, Banish, Corrupt


You were on level 8 of the Dungeon.
You worshipped Lugonu.
Lugonu was greatly pleased with you.
You visited 1 branch of the dungeon, and saw 8 of its levels.
You visited the Abyss 1 time.
You also visited: Ossuary.

You collected 506 gold pieces.

Inventory:

Hand Weapons
 a - the +8 Wrath of Trog (weapon) {antimagic, *Rage}
   (You found it on level 4 of the Dungeon)

   It reduces the magical energy of the wielder, and disrupts the spells and
   magical abilities of those hit.
   Natural abilities and divine invocations are not affected.
   It may make you go berserk in combat.
 b - a +0 shortbow
 g - a +1 spear
 o - a +1 dagger of venom
 r - a +0 war axe
 w - a +3 short sword of electrocution
 B - a +3 hand crossbow
Missiles
 c - 172 arrows
 d - 54 sling bullets
 f - 2 javelins
 k - 112 stones
 l - 28 poisoned darts (quivered)
 q - 3 boomerangs
 F - 2 throwing nets
Armour
 e - a +1 plate armour (worn)
 x - a +0 leather armour
 y - a +0 pair of boots (worn)
Jewellery
 v - a ring of poison resistance (left hand)
Wands
 j - a wand of digging (3)
 A - a wand of random effects (13)
 H - a wand of enslavement (5)
Scrolls
 h - 7 scrolls of identify
 i - a scroll of blinking
 m - 3 scrolls of remove curse
 n - 3 scrolls of amnesia
 s - 2 scrolls of random uselessness
 t - a scroll of magic mapping
 z - 2 scrolls of fear
 D - 2 scrolls of teleportation
Potions
 p - a potion of haste
 u - a potion of might
 E - a potion of invisibility
 I - a potion of flight {unknown}


   Skills:
 + Level 7.1 Fighting
 + Level 3.0 Short Blades
 + Level 8.8(9.1) Axes
 + Level 3.0(6.4) Polearms
 + Level 0.5 Bows
 + Level 1.3 Throwing
 + Level 7.5 Armour
 + Level 1.2 Dodging
 + Level 0.1 Stealth
 + Level 1.7 Invocations


You had 7 spell levels left.
You didn't know any spells.
Your spell library was empty.

Dungeon Overview and Level Annotations

Branches:
Dungeon (8/15)             Temple (0/1) D:6         Ossuary (visited)
   Lair: D:8-11

Altars:
Elyvilon
Fedhas
Hepliaklqana
Makhleb
Uskayaw
Wu Jian
Yredelemnul


Innate Abilities, Weirdness & Mutations

You reflexively headbutt those who attack you in melee.
You have a pair of horns on your head.
You have supernaturally acute eyesight. (SInv)
Your mind is acute. (Int +2)
You are weak. (Str -2)


Message History

You are very lightly contaminated with residual magic.
The wolf bites you but does no damage. The wolf barely misses you.
You furiously retaliate!
You headbutt the wolf! The wolf bites you.
* * * LOW HITPOINT WARNING * * *
The wolf bites you but does no damage. The wolf bites you.
* * * LOW HITPOINT WARNING * * *
You barely miss the wolf.
The wolf is heavily wounded.
You barely miss the kobold.
The wolf bites you but does no damage. x2
The kobold hits you but does no damage. The wolf bites you.
* * * LOW HITPOINT WARNING * * *
You barely miss the wolf.
The wolf is heavily wounded.
You miss the kobold. The wolf completely misses you. You furiously retaliate!
You headbutt the wolf! The kobold hits you but does no damage.
The wolf bites you.
* * * LOW HITPOINT WARNING * * *
The kobold barely misses you. The wolf bites you!
You die...

#..#.##..#......#
#..#.###.#....#
#......#..)))# #
#.##[#.....#.# #
##.#......K##)# ###
###.......##oK)O######
..###........###>...Y....#
#.....##...########Y####.#
#<........# #.<@hOK.#
#.####....####...Ko#..#
..# ##.......#...o###.#
#####.....##......# ..#
##....##..####....# #..#
...#####..# #....# #.#
.### #..# #....# .# .#
#..# #....# . .# #..#
######


You could see an ice beast, an ogre, a wolf, 2 orcs and 2 kobolds.

Vanquished Creatures
  Sigmund (D:5)
  A wyvern (D:8)
  2 orc warriors
  2 centaurs (D:6)
  3 ogres
  A wolf (D:8)
  A big kobold (D:7)
  A wyvern zombie (D:6)
  A howler monkey (D:5)
  A hound (D:6)
  4 orc priests
  3 orc wizards
  2 bullfrog skeletons (D:5)
  2 centaur skeletons
  4 worker ants
  A hound zombie (D:6)
  A hound skeleton (D:5)
  3 mummies (Ossuary)
  A worker ant zombie (D:7)
  A howler monkey skeleton (D:7)
  6 adders
  A shadow imp (D:7)
  A white imp (D:7)
  An ufetubus (D:6)
  An ooze (D:4)
  2 adder zombies
  An adder skeleton (D:4)
  A worm (D:4)
  4 dart slugs
  A leopard gecko (D:4)
  24 orcs
  3 ball pythons
  5 giant cockroaches
  9 goblins
  5 hobgoblins
  6 jackals
  5 quokkas
  8 bats
  3 frilled lizards
  7 goblin zombies (Ossuary)
  3 hobgoblin zombies (Ossuary)
  A jackal zombie (D:5)
  10 kobolds
  4 kobold zombies (Ossuary)
  A quokka skeleton (D:8)
  7 rats
  3 rat zombies (Ossuary)
159 creatures vanquished.

Notes
Turn   | Place    | Note
-------+----------+-------------------------------------------
     0 | Abyss:1  | promet the Minotaur Abyssal Knight began the quest for the
                  | Orb.
     0 | Abyss:1  | Reached XP level 1. HP: 19/19 MP: 1/1
    27 | Abyss:1  | Noticed an ancient zyme
    28 | D:1      | Escaped the Abyss
   277 | D:1      | Reached XP level 2. HP: 27/27 MP: 2/2
   309 | D:1      | Reached * piety under Lugonu
   771 | D:1      | Reached XP level 3. HP: 34/34 MP: 3/3
  1135 | D:2      | Found a burning altar of Makhleb.
  1140 | D:2      | Found a basalt altar of Yredelemnul.
  1213 | D:2      | Found a white marble altar of Elyvilon.
  1352 | D:2      | Reached skill level 1 in Short Blades
  1565 | D:2      | Reached ** piety under Lugonu
  1601 | D:2      | Found a hazy altar of Hepliaklqana.
  1992 | D:3      | Reached XP level 4. HP: 41/41 MP: 4/4
  2913 | D:4      | Reached XP level 5. HP: 45/47 MP: 5/5
  3099 | D:4      | Gained mutation: You possess an exceptional clarity of
                  | mind. [potion of mutation]
  3099 | D:4      | Gained mutation: Your flesh is heat resistant. (rF+)
                  | [potion of mutation]
  3245 | D:4      | Found the +8 Wrath of Trog {antimagic, *Rage}
  3384 | D:4      | Reached skill level 5 in Fighting
  3538 | D:5      | Entered Level 5 of the Dungeon
  3557 | D:5      | Found a hide-covered altar of Uskayaw.
  3664 | D:5      | Reached skill level 1 in Axes
  3799 | D:5      | Reached *** piety under Lugonu
  3801 | D:5      | Reached XP level 6. HP: 45/56 MP: 2/6
  3815 | D:5      | Reached skill level 5 in Armour
  3816 | D:5      | Reached skill level 2 in Axes
  3941 | D:5      | Lost mutation: Your flesh is heat resistant. (rF+) [potion
                  | of mutation]
  3941 | D:5      | Lost mutation: You possess an exceptional clarity of mind.
                  | [potion of mutation]
  3941 | D:5      | Gained mutation: You have supernaturally acute eyesight.
                  | (SInv) [potion of mutation]
  3941 | D:5      | Gained mutation: You are weak. (Str -2) [potion of
                  | mutation]
  3941 | D:5      | Gained mutation: Your mind is acute. (Int +2) [potion of
                  | mutation]
  4151 | D:5      | Found an ornate altar of the Wu Jian Council.
  4166 | D:5      | Reached skill level 3 in Axes
  4394 | D:5      | Reached skill level 1 in Throwing
  4400 | D:5      | Reached XP level 7. HP: 62/62 MP: 2/7
  4521 | D:5      | Noticed Sigmund
  4532 | D:5      | Killed Sigmund
  4533 | D:5      | Reached skill level 4 in Axes
  4871 | D:6      | Found a staircase to the Ecumenical Temple.
  5100 | D:6      | Found a sand-covered staircase.
  5106 | Ossuary  | Entered an ossuary
  5309 | Ossuary  | Reached skill level 5 in Axes
  5570 | D:6      | Found a blossoming altar of Fedhas.
  5613 | D:6      | Reached skill level 6 in Axes
  5613 | D:6      | Reached XP level 8. HP: 70/70 MP: 2/8
  5968 | D:6      | Reached skill level 7 in Axes
  6888 | D:8      | Reached skill level 8 in Axes
  6922 | D:8      | Reached **** piety under Lugonu
  6969 | D:8      | HP: 2/73 [wolf[Grum] (4)]
  6970 | D:8      | Mangled by a wolf

Illustrated notes

Levels and vault maps discovered:
D:1:      nagdon_arrival_zigzag_paths, layout_loops_corners,
          serial_bayou_crossing
D:2:      layout_basic, lemuel_round_altar, elyvilon_altar_3,
          lemuel_coloured_pillars_altar, bloody_makhleb
D:3:      layout_loops_corners
D:4:      layout_loops_ring, minmay_misc_feat_rugged, minmay_vboxes
D:5:      layout_loops_ring, lemuel_doored_altar, kennysheep_mini, uniq_sigmund
D:6:      layout_gridville, minmay_temple_entry_drinking_statues,
          nicolae_ossuary_entry_plus, fedhas_altar_1
D:7:      layout_basic
D:8:      layout_rooms, grunt_temple_overflow_open, uniq_grum

Skill      XL: |  1  2  3  4  5  6  7  8 |
---------------+-------------------------+-----
Fighting       | 4 5 6 7 |  7.1
Armour         | 3 4 5 6 7 |  7.5
Polearms       | 3 |  3.0
Short Blades   | 1 2 3 |  3.0
Axes           | 1 3 6 8 |  8.8
Throwing       | 1 |  1.3
Bows           | |  0.5
Dodging        | |  1.2
Stealth        | |  0.1
Invocations    | |  1.7

Action                   |  1- 3 |  4- 6 |  7- 9 || total
-------------------------+-------+-------+-------++-------
Melee: Spear             |    38 |       |       ||    38
       Headbutt          |    15 |    13 |    15 ||    43
       Short sword       |    56 |    63 |       ||   119
       Battleaxe         |       |    62 |    97 ||   159
 Fire: Shortbow          |       |       |     3 ||     3
Throw: Dart              |       |     3 |     1 ||     4
Invok: Depart the Abyss  |     1 |       |       ||     1
  Use: Scroll            |     6 |     2 |     7 ||    15
       Potion            |     1 |     8 |     7 ||    16
Armor: Plate armour      |    60 |    84 |    91 ||   235
       Leather armour    |     1 |       |       ||     1
Dodge: Dodged            |    32 |    37 |    28 ||    97
